 Dungeon Crawl Stone Soup version 0.18-a0-24-g6e14259 (webtiles) character file.

1608 axujen the Cleaver (level 8, -7/58 HPs)
             Began as a Demonspawn Berserker on Nov 3, 2015.
             Was a Priest of Trog.
             Mangled by an orc warrior
             ... wielding a +0 broad axe
              (15 damage)
             ... on level 6 of the Dungeon.
             The game lasted 00:09:11 (5667 turns).

axujen the Cleaver (Demonspawn Berserker)           Turns: 5667, Time: 00:09:11

Health: -7/58      AC: 15    Str: 17    XL:     8   Next: 63%
Magic:  8/8        EV: 10    Int: 11    God:    Trog [***...]
Gold:   273        SH:  0    Dex: 11    Spells: 0 memorised, 7 levels left

rFire  + . .     SeeInvis .     a - +0 hand axe
rCold  . . .     Clarity  .     p - +0 scale mail
rNeg   . . .     SustAt   .     (no shield)
rPois  .         Gourm    .     s - +1 hat
rElec  .         Spirit   .     k - +0 cloak
rCorr  .         Warding  .     (gloves unavailable)
rMut   .         Stasis   .     (no boots)
MR     ++...                    (no amulet)
Stlth  ..........               I - ring of wizardry
                                D - ring of protection from fire

@: exhausted, regenerating, slowed, very slow, very resistant to hostile
enchantments, extremely unstealthy
A: claws 3, rough black scales 2
a: Berserk, Trog's Hand, Burn Spellbooks, Renounce Religion


You were on level 6 of the Dungeon.
You worshipped Trog.
Trog was most pleased with you.
You were near starving.

You visited 1 branch of the dungeon, and saw 6 of its levels.

You collected 273 gold pieces.

Inventory:

Hand Weapons
 a - a +0 hand axe (weapon)
 P - a +3 quarterstaff of chaos
Missiles
 g - 269 stones (quivered)
 y - 45 poisoned needles
Armour
 k - a +0 cloak (worn)
 p - a +0 scale mail (worn)
 s - a +1 hat (worn)
Jewellery
 D - a ring of protection from fire (left claw)
 I - a ring of wizardry (right claw)
 N - a cursed ring of loudness {unknown}
 O - a +3 ring of protection {unknown}
Wands
 w - a wand of hasting (6)
 C - a wand of lightning (6)
Scrolls
 l - 4 scrolls of identify {unknown}
 m - a scroll of amnesia {unknown}
 r - 4 scrolls of blinking {unknown}
 t - 4 scrolls of teleportation {unknown}
 G - 2 scrolls of remove curse {unknown}
Potions
 h - a potion of resistance {unknown}
 i - 2 potions of heal wounds {unknown}
 j - a potion of ambrosia {unknown}
 n - a potion of agility {unknown}
 o - a potion of magic {unknown}
 z - 2 potions of might {unknown}
 B - a potion of invisibility {unknown}
 E - a potion of cancellation {unknown}
 J - a potion of curing {unknown}
 K - a potion of lignification {unknown}
 L - a potion of brilliance {unknown}
Books
 H - a book of Conjurations

   Spells                             Type                      Level
   a - Magic Dart                     Conjuration                  1
   b - Searing Ray                    Conjuration                  2
   c - Dazzling Spray                 Conjuration/Hexes            3
   d - Fulminant Prism                Conjuration/Hexes            4
   e - Iskenderun's Mystic Blast      Conjuration                  4
   f - Iskenderun's Battlesphere      Conjuration/Charms           5
   Trog disapproves of the use of such an item.
Comestibles
 c - 6 bread rations
 u - 9 fruits


   Skills:
 - Level 3.0 Fighting
 + Level 10.4 Axes
 - Level 1.7 Armour
 - Level 1.7 Dodging


You had 7 spell levels left.
You didn't know any spells.

Dungeon Overview and Level Annotations

Branches:
Dungeon (6/15)             Temple (0/1) D:5

Altars:
Ashenzari
Cheibriados
Fedhas
Kikubaaqudgha
Makhleb
Okawaru
Sif Muna
Zin

Annotations:
D:4 Natasha, Menkaure, Menkaure, Natasha


Innate Abilities, Weirdness & Mutations

You have claws for hands.
You are mostly covered in rough black scales (AC +7, Dex -2).


Message History

* * * LOW HITPOINT WARNING * * *
Use which ability? (? or * to list)
Your skin crawls.
You feel resistant to hostile enchantments.
You feel slightly more hungry. The orc hits you but does no damage.
The orc warrior hits you with a broad axe.
* * * LOW HITPOINT WARNING * * *
The orc hits you with a whip.
* * * LOW HITPOINT WARNING * * *
You hit the orc warrior but do no damage.
The orc warrior is severely wounded.
You hit the orc.
You kill the orc!
Trog accepts your kill.
The orc warrior hits you with a broad axe.
* * * LOW HITPOINT WARNING * * *
Your scale mail prevents you from hitting the orc warrior.
The orc warrior is severely wounded.
The orc warrior hits you with a broad axe!
You die...

# ######### .### ##
#........# #....
.##...[....# ...##
...<......# (... #
#.........# ...#
..#.........#.###..#
.....
#..............)o)[#
..... ###.#..#
#6..##......
##......#
##...#......
...#..#.#
#...#......
#####...#
##......... ##..##
#.###.#......#
#...##
#............#
##...##
#####.####....
#.#..# #.# ...
#.##.##### #.# .


You could see an orc warrior.

Vanquished Creatures
  Duvessa (D:5)
  An ogre (D:6)
  A phantom (D:5)
  4 centaurs
  A sky beast (D:6)
  Dowan (D:5)
  2 giant frogs (D:6)
  A water moccasin skeleton (D:5)
  2 scorpions (D:6)
  A crimson imp (D:5)
  2 hounds
  A jelly (D:5)
  Crazy Yiuf (D:5)
  Ijyb (D:2)
  A worker ant (D:6)
  An iguana (D:6)
  An orc wizard (D:6)
  A hound zombie (D:6)
  2 worker ant zombies (D:5)
  13 gnolls
  9 adders
  An ooze (D:5)
  2 worms
  An adder skeleton (D:5)
  An adder zombie (D:5)
  A giant gecko (D:3)
  18 orcs
  2 giant cockroaches (D:1)
  5 hobgoblins
  3 jackals
  7 kobolds
  A quokka (D:2)
  A ball python (D:5)
  6 bats
  4 giant newts
  10 goblins
  2 rats (D:2)
  4 fungi (D:5)
117 creatures vanquished.

Vanquished Creatures (others)
  A giant frog skeleton (D:5)
  An orc (D:5)
  2 jackals (D:5)
4 creatures vanquished.

Grand Total: 121 creatures vanquished

Notes
Turn   | Place    | Note
--------------------------------------------------------------
     0 | D:1      | axujen the Demonspawn Berserker began the quest for the Orb.
     0 | D:1      | Reached XP level 1. HP: 18/18 MP: 1/1
   359 | D:1      | Gained mutation: You have sharp fingernails. [demonic ancestry]
   359 | D:1      | Reached XP level 2. HP: 24/24 MP: 2/2
   924 | D:2      | Gained mutation: You are partially covered in rough black scales (AC +4, Dex -1). [demonic ancestry]
   924 | D:2      | Reached XP level 3. HP: 29/29 MP: 3/3
  1042 | D:2      | Reached skill level 4 in Axes
  1236 | D:2      | Noticed Ijyb
  1248 | D:2      | Killed Ijyb
  1248 | D:2      | Reached XP level 4. HP: 35/35 MP: 4/4
  1297 | D:2      | Found a faded altar to an unknown god.
  1400 | D:2      | Reached ** piety under Trog
  1408 | D:2      | Reached skill level 5 in Axes
  1547 | D:2      | Found an iron altar of Okawaru.
  1559 | D:2      | Reached XP level 5. HP: 41/41 MP: 5/5
  1768 | D:3      | Noticed a centaur
  1838 | D:3      | Killed a centaur
  1906 | D:3      | Reached skill level 6 in Axes
  2102 | D:3      | Found a shattered altar of Ashenzari.
  2296 | D:3      | Found a deep blue altar of Sif Muna.
  2299 | D:3      | Found a burning altar of Makhleb.
  2302 | D:3      | Found a snail-covered altar of Cheibriados.
  2334 | D:3      | Found an ancient bone altar of Kikubaaqudgha.
  2336 | D:3      | Found a blossoming altar of Fedhas.
  2344 | D:3      | Gained mutation: You are mostly covered in rough black scales (AC +7, Dex -2). [demonic ancestry]
  2344 | D:3      | Reached XP level 6. HP: 47/47 MP: 6/6
  2683 | D:3      | Found a glowing silver altar of Zin.
  2684 | D:3      | Noticed an angel
  2986 | D:4      | Noticed Natasha
  2987 | D:4      | Noticed Menkaure
  3123 | D:5      | Entered Level 5 of the Dungeon
  3331 | D:5      | Reached skill level 7 in Axes
  3826 | D:5      | Gained mutation: You have very sharp fingernails. [demonic ancestry]
  3826 | D:5      | Reached XP level 7. HP: 48/52 MP: 7/7
  3976 | D:5      | Noticed Duvessa
  3977 | D:5      | Noticed Dowan
  4000 | D:5      | Killed Duvessa
  4001 | D:5      | Killed Dowan
  4001 | D:5      | Reached skill level 8 in Axes
  4157 | D:5      | Reached *** piety under Trog
  4631 | D:5      | Found a staircase to the Ecumenical Temple.
  4832 | D:5      | Noticed Crazy Yiuf
  4840 | D:5      | Killed Crazy Yiuf
  5058 | D:6      | Reached skill level 9 in Axes
  5058 | D:6      | Gained mutation: You have claws for hands. [demonic ancestry]
  5058 | D:6      | Reached XP level 8. HP: 30/58 MP: 8/8
  5408 | D:6      | Reached skill level 10 in Axes
  5667 | D:6      | Mangled by an orc warrior

Vault maps used:
D:1:      minmay_arrival_solitary_statue, minmay_strange_pillars
D:2:      ecumenical_altar_1, okawaru_altar_gauntlet_db, uniq_iyjb
D:3:      grunt_temple_overflow_growth_and_decay, grunt_temple_overflow_diamond,
          zin_angel, evilmike_ruin_ashenzari
D:4:      minmay_item_behind_shaft, uniq_natasha, uniq_menkaure
D:5:      lemuel_temple_firewalk_marked, first_bread, uniq_duvessa,
          uniq_crazy_yiuf_cottage

Action                   |  1- 3 |  4- 6 |  7- 9 || total
-------------------------+-------+-------+-------++-------
Melee: Hand axe          |    82 |   245 |   264 ||   591
Invok: Berserk           |     2 |     5 |     9 ||    16
       Trog's Hand       |       |       |     1 ||     1
 Stab: Sleeping          |     2 |       |       ||     2
  Eat: Chunk             |     2 |    12 |     5 ||    19
       Beef jerky        |       |     1 |       ||     1
       Meat ration       |       |       |     2 ||     2
